 Dungeon Sprint DCSS version 0.24-a0-317-g5cb8de4b22 (webtiles) character file.

Game seed: 2881868481556808164

900000 Hercules1031 the Severer (level 14, -17/156 HPs)
             Began as a Deep Dwarf Warper on May 16, 2019.
             Was a Follower of Makhleb.
             Demolished by a bag of meat
             ... wielding a +9 war axe
              (35 damage)
             ... in the Dungeon (Sprint VIII: "Arena of Blood").
             The game lasted 00:00:42 (9 turns).

Hercules1031 the Severer (Deep Dwarf Warper)           Turns: 9, Time: 00:00:42

Health: -17/156    AC:  5    Str: 15    XL:     14   Next: 29%
Magic:  16/16      EV: 28    Int: 15    God:    Makhleb [*.....]
Gold:   0          SH:  0    Dex: 16    Spells: 16/16 levels left

rFire    . . .     SeeInvis .   c - +∞ Axe of Woe
rCold    . . .     Gourm    .   (shield currently unavailable)
rNeg     + . .     Faith    .   b - +0 leather armour
rPois    .         Spirit   .   (no helmet)
rElec    .         Reflect  .   (no cloak)
rCorr    .         Harm     .   (no gloves)
MR       ++...     NoTele   +   (no boots)
Stlth    +.........             (no amulet)
HPRegen  0.00/turn              (no ring)
MPRegen  0.15/turn              (no ring)

@: non-regenerating
A: damage resistance, heal wounds, negative energy resistance 1, sense
surroundings 2, no regeneration
a: Heal Wounds, Renounce Religion


You were in the Dungeon.
You worshipped Makhleb.
Makhleb was aware of your devotion.
You were not hungry.

You visited 1 branch

Inventory:

Hand Weapons
 a - a +0 hand axe
 c - the +∞ Axe of Woe (weapon)
   (You found it in the Dungeon)
Missiles
 e - 5 boomerangs of dispersal (quivered)
Armour
 b - a +0 leather armour (worn)
Scrolls
 d - 2 scrolls of blinking
Potions
 g - a potion of curing
 h - a potion of heal wounds
 i - a potion of haste
 j - 2 potions of magic
 k - a potion of berserk rage
Comestibles
 f - a ration


   Skills:
 + Level 18.0 Fighting
 + Level 20.7 Axes
 - Level 0.8 Throwing
 + Level 20.7 Armour
 + Level 20.7 Dodging
 - Level 1.7 Spellcasting
   Level 3.2 Translocations


You had 16 spell levels left.
You didn't know any spells.
Your spell library contained the following spells:

 Spells                   Type           Power        Failure   Level  Hunger
 Blink                    Tloc           N/A          10%         2    ###....
 Shroud of Golubria       Chrm/Tloc      #.........   19%         2    ###....
 Gell's Gravitas          Tloc           ##........   21%         3    ####...
 Lesser Beckoning         Tloc           ##........   21%         3    ####...
 Teleport Other           Tloc           ##......     21%         3    ####...
 Passage of Golubria      Tloc           N/A          54%         4    #####..


Dungeon Overview and Level Annotations

Branches:
Dungeon (1/1)

Altars:
Makhleb


Innate Abilities, Weirdness & Mutations

You are resistant to damage.
You can heal yourself by infusing magical energy.
You resist negative energy. (rN+)
You passively map the area around you.
You do not regenerate.


Message History

Your Dodging skill gained 4 levels and is now at level 19!
You have reached level 12!
Your experience leads to an increase in your attributes!
Increase (S)trength, (I)ntelligence, or (D)exterity?
You feel agile.
You feel stronger.
You have reached level 13!
You slice the bag of meat!!
You slaughter the bag of meat joyfully.
You kill the bag of meat!
Makhleb accepts your kill.
Your Fighting skill gained 2 levels and is now at level 18!
Your Axes skill increases to level 20!
Your Armour skill increases to level 20!
Your Dodging skill increases to level 20!
You have reached level 14!
You feel resistant to negative energy.
You hear a shout! x4
A bag of meat comes into view. It is wielding a +9 war axe.
You hear a shout! x2
The bag of meat hits you with a +9 war axe!!!
You die...

, ,#..., #... ..# ,
, , , ....###...,
..###. , ,
,,.........###......
, *
,,.#........_......
, , .......#...o.# ,
, , **
.......#_.o._# , , ,
,*.......#.....#.
,,,
,,.#.....).._......
,, ,
......)@o###......
,,
....###..o....###. ,
..., ,#.......# , .
#...o...#, ,
,o........ , ,
......... , ,
.......o., , * * * ,
........o. ,, *, ,,
, , , , , *


You could see 8 bags of meat.

Vanquished Creatures
  An ogre (D)
  2 orcs (D)
3 creatures vanquished.

Notes
Turn   | Place    | Note
-------+----------+-------------------------------------------
     0 | D        | Found the +∞ Axe of Woe
     0 | D        | Hercules1031 the Deep Dwarf Warper began the quest for the
                  | Orb.
     0 | D        | Reached XP level 1. HP: 19/19 MP: 3/3
     2 | D        | Noticed a bag of meat
     4 | D        | Became a worshipper of Makhleb the Destroyer
     5 | D        | Noticed a bag of meat
     5 | D        | Noticed a bag of meat
     6 | D        | Noticed a bag of meat
     6 | D        | Noticed a bag of meat
     6 | D        | Noticed a meat berserker
     7 | D        | Noticed a bag of meat
     7 | D        | Noticed a bag of meat
     8 | D        | Killed a bag of meat
     8 | D        | Reached skill level 15 in Axes
     8 | D        | Reached skill level 15 in Armour
     8 | D        | Reached skill level 15 in Dodging
     8 | D        | Reached XP level 2. HP: 48/48 MP: 4/4
     8 | D        | Reached XP level 3. HP: 55/55 MP: 5/5
     8 | D        | Reached XP level 4. HP: 63/63 MP: 6/6
     8 | D        | Reached XP level 5. HP: 70/70 MP: 7/7
     8 | D        | Reached XP level 6. HP: 79/79 MP: 8/8
     8 | D        | Reached XP level 7. HP: 86/86 MP: 9/9
     8 | D        | Reached XP level 8. HP: 94/94 MP: 10/10
     8 | D        | Gained mutation: You passively map the area around you.
                  | [Deep Dwarf growth]
     8 | D        | Reached XP level 9. HP: 102/102 MP: 11/11
     8 | D        | Reached XP level 10. HP: 110/110 MP: 12/12
     8 | D        | Reached XP level 11. HP: 117/117 MP: 13/13
     8 | D        | Noticed a bag of meat
     8 | D        | Noticed a bag of meat
     8 | D        | Noticed a bag of meat
     9 | D        | Killed a meat berserker
     9 | D        | Reached * piety under Makhleb
     9 | D        | Reached XP level 12. HP: 16/135 MP: 14/14
     9 | D        | Reached XP level 13. HP: 16/142 MP: 15/15
     9 | D        | Killed a bag of meat
     9 | D        | Gained mutation: You resist negative energy. (rN+) [Deep
                  | Dwarf growth]
     9 | D        | Reached XP level 14. HP: 18/156 MP: 16/16
     9 | D        | Noticed a bag of meat
     9 | D        | Demolished by a bag of meat

Levels and vault maps discovered:
D:        meatsprint

Skill      XL: |  1  2  3  4  5  6  7  8  9 10 11 12 13 |
---------------+----------------------------------------+-----
Fighting       | 13 16 18 | 18.0
Axes           | 15 19 20 | 20.7
Armour         | 15 19 20 | 20.7
Dodging        | 15 19 20 | 20.7
Throwing       | |  0.8
Spellcasting   | |  1.7
Translocations | |  3.2

Action                   |  1- 3 |  4- 6 |  7- 9 | 10-12 | 13-15 || total
-------------------------+-------+-------+-------+-------+-------++-------
Melee: Executioner's axe |     1 |       |       |     1 |       ||     2
Dodge: Dodged            |       |       |       |     1 |       ||     1

Table legend:
 A = Non-vault XP
 B = Vault XP
 C = Vault XP percentage of total XP
 D = Non-vault monster count
 E = Vault monster count
 F = Vault count percentage of total count
                 A         B        C        D         E       F
            +---------+---------+-------+---------+---------+-------
      Total |   38240 |   37520 |  49.5 |       1 |       2 |  66.7
            +---------+---------+-------+---------+---------+-------
          D |   38240 |   37520 |  49.5 |       1 |       2 |  66.7
            +---------+---------+-------+---------+---------+-------
